 Dungeon Crawl Stone Soup version 0.29.0-4-gdea44cf6ec (webtiles) character file.

Game seed: 7660590604667806511

98 112233 the Gusty (level 4, -3/18 HPs)
             Began as a Felid Air Elementalist on Aug 27, 2022.
             Slain by a scorpion (8 damage)
             ... on level 4 of the Dungeon.
             The game lasted 00:04:17 (5714 turns).

112233 the Gusty (Felid Air Elementalist)           Turns: 5714, Time: 00:04:18

Health: -3/18      AC:  1    Str:  4    XL:     4   Next: 44%
Magic:  2/8        EV: 17    Int: 19    God:
Gold:   142        SH:  0    Dex: 16    Spells: 1/7 levels left
                                        Lives:  0   Deaths: 1

rFire   . . .      SeeInvis +   (weapon unavailable)
rCold   . . .      Faith    .   (shield unavailable)
rNeg    . . .      Spirit   .   (body armour unavailable)
rPois   .          Reflect  .   (helmet unavailable)
rElec   .          Harm     .   (cloak unavailable)
rCorr   .          Rampage  .   (gloves unavailable)
Will    .....                   (boots unavailable)
Stlth   ++........              (no amulet)
HPRegen 0.06/turn               (no ring)
MPRegen 0.11/turn               (no ring)

@: lethally poisoned (-3 -> -12), quick
A: very small, claws 1, fangs 3, see invisible, speed 1, shaggy fur 1, stealthy
paws, no weapons or thrown items, no armour, multi-lived
a: no special abilities


You were on level 4 of the Dungeon.
You visited 1 branch of the dungeon, and saw 4 of its levels.

You collected 142 gold pieces.

Inventory:

Jewellery
 g - a +6 ring of intelligence
Scrolls
 b - a scroll of fog {unknown}
 c - a scroll of teleportation {unknown}
 d - a scroll of poison {unknown}
 e - a scroll of noise {unknown}
 f - a scroll of identify {unknown}
 h - a scroll of blinking {unknown}
 k - a scroll of summoning {unknown}
Potions
 a - 2 potions of mutation {unknown}
 i - a potion of heal wounds {unknown}
 j - a potion of curing {unknown}


   Skills:
 - Level 2.7 Dodging
 - Level 2.7 Stealth
 - Level 2.0 Spellcasting
 - Level 0.8 Conjurations
 + Level 5.6 Air Magic


You had one spell level left.
You knew the following spells:

 Your Spells              Type           Power      Damage    Failure   Level
a - Shock                 Conj/Air       56%        1d6       4%          1
b - Static Discharge      Conj/Air       14%        3-5/arc   7%          2
c - Swiftness             Air            23%        N/A       4%          3

Your spell library contained the following spells:

 Spells                   Type           Power      Damage    Failure   Level
 Airstrike                Air            11%        2d(2-18)  16%         4
 Sticky Flame             Conj/Fire      3%         2d3       80%         4
 Dispel Undead            Necr           1%         3d6       86%         4


Dungeon Overview and Level Annotations

Branches:
Dungeon (4/15)
 Temple: D:4-7

Altars:

Shops:
D:2 =

Annotations:
D:3 exclusion: downstairs
D:4 Menkaure


Innate Abilities, Weirdness & Mutations

You have sharp claws.
You have razor-sharp teeth.
You have supernaturally acute eyesight. (SInv)
You cover ground quickly. (Speed+)
You are covered in fur. (AC +1)
Your paws help you pounce on unaware monsters.
You are incapable of wielding weapons or throwing items.
You cannot wear armour.
You gain extra lives every three experience levels.


Message History

Press: ? - help, Shift-Dir - straight line, f/p - scorpion
Aim: a scorpion (moderately wounded, 71% to hit)
The zap hits the scorpion but does no damage.
The scorpion is moderately wounded.
Unknown command.
Casting: Shock (safe; 4% risk of failure)
Confirm with . or Enter, or press ? or * to list all spells.
Aiming: Shock (safe; 4% risk of failure)
Press: ? - help, Shift-Dir - straight line, f/p - scorpion
Aim: a scorpion (moderately wounded, 71% to hit)
The zap hits the scorpion.
The scorpion is heavily wounded.
A scorpion is nearby!
Casting: Shock (safe; 4% risk of failure)
Confirm with . or Enter, or press ? or * to list all spells.
Aiming: Shock (safe; 4% risk of failure)
Press: ? - help, Shift-Dir - straight line, f/p - scorpion
Aim: a scorpion (heavily wounded, 71% to hit)
The zap misses the scorpion.
The scorpion misses you.
Unknown command.
Casting: Shock (safe; 4% risk of failure)
Confirm with . or Enter, or press ? or * to list all spells.
The spell is quite dangerous to miscast (4% risk of failure)!
Continue anyway? [Y]es or [N]o only, please.
The spell is quite dangerous to miscast (4% risk of failure)!
Continue anyway?
Okay, then.
Unknown command.
Unknown command.
Casting: Swiftness (quite dangerous; 4% risk of failure)
Confirm with . or Enter, or press ? or * to list all spells.
The scorpion is struck by an arc of lightning.
The scorpion is severely wounded.
You are struck by an arc of lightning.
The lightning grounds out.
The scorpion stings you!
You are lethally poisoned!
The scorpion poisons you! The scorpion barely misses you.
* * * LOW HITPOINT WARNING * * *
You feel very sick. The scorpion stings you!
You die...

.. .....# .#
.....# .# #...#
.# #...# .# #..#
#...## ##?# ..#
#....###s.# ..#
#.....#.@.# ..#
#.......### #.#
###..###### #.#
##....# #.#
#...### ##.#
#.###
#########.## #.#
#######....M..<##
#.#
##........#....##
#.#
#....)##########


You could see a scorpion.

Vanquished Creatures
  An orc priest (D:4)
  An iguana (D:4)
  Terence (D:2)
  3 adders (D:2)
  A worm (D:2)
  2 dart slugs
  3 orcs
  8 ball pythons
  7 bats
  6 endoplasms
  3 giant cockroaches
  5 goblins
  7 hobgoblins
  4 jackals (D:1)
  7 kobolds
  4 quokkas
  A frilled lizard (D:2)
  8 rats
72 creatures vanquished.

Notes
Turn   | Place    | Note
-------+----------+-------------------------------------------
     0 | D:1      | 112233 the Felid Air Elementalist began the quest for the
                  | Orb.
     0 | D:1      | Reached XP level 1. HP: 7/7 MP: 4/4
   191 | D:1      | Reached skill level 3 in Air Magic
   233 | D:1      | Reached XP level 2. HP: 11/11 MP: 0/6
   896 | D:1      | Found a faded altar of an unknown god.
  1257 | D:1      | Reached XP level 3. HP: 5/14 MP: 4/7
  1667 | D:1      | Learned a level 3 spell: Swiftness
  1670 | D:1      | Learned a level 2 spell: Static Discharge
  1790 | D:1      | Reached skill level 4 in Air Magic
  2099 | D:2      | Noticed Terence
  2153 | D:2      | Killed Terence
  2491 | D:2      | Reached XP level 4. HP: 18/18 MP: 5/8
  2623 | D:2      | Found Kole's Jewellery Shop.
  3815 | D:2      | Reached skill level 5 in Air Magic
  4633 | D:4      | Noticed Menkaure
  4662 | D:4      | Reached XP level 5. HP: 21/21 MP: 2/9
  5693 | D:4      | Slain by an iguana
  5694 | D:4      | Reached XP level 4. HP: -4/18 MP: 0/8
  5706 | D:4      | Noticed a scorpion
  5714 | D:4      | Slain by a scorpion

Illustrated notes

Levels and vault maps discovered:
D:1:      giann_bridges, layout_basic, basic_ecumenical_altar, serial_aquarium,
          aquarium_bridge_square [aquarium_subvault_window,
          aquarium_subvault_window, aquarium_subvault_bridge,
          aquarium_subvault_wall], aquarium_bridge_square
          [aquarium_subvault_wall, aquarium_subvault_balcony,
          aquarium_subvault_window, aquarium_subvault_bridge],
          aquarium_window_2, aquarium_window_1, aquarium_view_2a,
          aquarium_balcony_3a, aquarium_pool_2
D:2:      minmay_spotlight, layout_basic, serial_shops, shop, uniq_terence
D:3:      layout_rooms
D:4:      layout_layer_cave, uniq_blork_the_orc, uniq_menkaure

Skill      XL: |  1  2  3  4 |
---------------+-------------+-----
Air Magic      | 3 4 5 |  5.6
Dodging        | |  2.7
Stealth        | |  2.7
Spellcasting   | |  2.0
Conjurations   | |  0.8

Action                   |  1- 3 |  4- 6 || total
-------------------------+-------+-------++-------
Melee: Unarmed           |     5 |     3 ||     8
       Bite              |       |     2 ||     2
 Cast: Shock             |    92 |   128 ||   220
       Static Discharge  |       |     3 ||     3
  Use: Potion            |     2 |       ||     2
Armor: Skin              |       |     1 ||     1
Dodge: Dodged            |    27 |    11 ||    38
